 Dungeon Crawl Stone Soup version 0.22-a0-565-gfc6459a524 (webtiles) character file.

172 Kholdaimon the Ducker (level 5, -7/41 HPs)
             Began as a Merfolk Gladiator on June 28, 2018.
             Mangled by an orc
             ... wielding a +4 short sword
              (8 damage)
             ... on level 3 of the Dungeon.
             The game lasted 00:09:13 (2568 turns).

Kholdaimon the Ducker (Merfolk Gladiator)           Turns: 2568, Time: 00:09:14

Health: -7/41      AC:  4    Str: 15    XL:     5   Next: 52%
Magic:  5/5        EV: 15    Int:  8    God:
Gold:   89         SH:  0    Dex: 15    Spells: 4/4 levels left

rFire    . . .     SeeInvis .   a - +0 long sword
rCold    . . .     Gourm    .   (no shield)
rNeg     . . .     Faith    .   b - +0 leather armour
rPois    .         Spirit   .   c - +0 helmet
rElec    .         Reflect  .   (no cloak)
rCorr    .         Harm     .   (no gloves)
MR       .....                  (no boots)
Stlth    +.........             (no amulet)
HPRegen  0.13/turn              (no ring)
MPRegen  0.09/turn              (no ring)

@: no status effects
A: change form in water, swift swim, stealthy swim
a: no special abilities


You were on level 3 of the Dungeon.
You were not hungry.

You visited 1 branch of the dungeon, and saw 3 of its levels.

You collected 89 gold pieces.

Inventory:

Hand Weapons
 a - a +0 long sword (weapon)
 p - a +3 whip
Missiles
 d - 2 throwing nets (quivered)
 e - 7 stones
 w - 11 sling bullets
 x - 16 poisoned needles
Armour
 b - a +0 leather armour (worn)
 c - a +0 helmet (worn)
 g - a +0 ring mail
 k - a +0 ring mail
 q - a +0 chain mail
 r - a +0 ring mail
 y - a +0 helmet
 A - a +1 hat
Scrolls
 m - a scroll of enchant armour {unknown}
 n - a scroll of fog {unknown}
 s - 2 scrolls of teleportation {unknown}
 u - a scroll of amnesia {unknown}
 v - a scroll of identify {unknown}
 z - a scroll of enchant weapon {unknown}
Potions
 h - a potion of flight {unknown}
 i - 4 potions of curing
 j - a potion of brilliance
 l - a potion of cancellation
 o - 2 potions of might {unknown}
Comestibles
 f - 3 rations
 t - a chunk of flesh


   Skills:
 + Level 3.5 Fighting
 + Level 4.3 Long Blades
 + Level 3.2 Throwing
 + Level 5.2 Dodging


You had 4 spell levels left.
You didn't know any spells.
Your spell library was empty.

Dungeon Overview and Level Annotations

Branches:
Dungeon (3/15)

Altars:
Fedhas
Makhleb
Okawaru
Qazlal
Ru
Xom


Message History

You hit the orc but do no damage. The orc closely misses you.
You hit the orc.
The orc is severely wounded.
The orc closely misses you.
You hit the orc but do no damage.
The orc is severely wounded.
You feel sick.
The orc hits you with an enchanted short sword.
* * * LOW HITPOINT WARNING * * *
It was a potion of curing.
You feel better. The orc barely misses you.
It was a potion of brilliance.
You feel clever all of a sudden.
The orc hits you with an enchanted short sword.
* * * LOW HITPOINT WARNING * * *
It was a potion of cancellation.
Your magical effects are unravelling.
You feel magically purged.
You feel a little less clever now.
The orc hits you with an enchanted short sword!
You die...

#........#
###........####
.'...........# ##
#........##.# # ..
#........##.# ..###.
#.......)##.# .....#
#........##.#
#...###........##.#
..###...#@o.......##.#
........)[##########.#
#.).).#...# #.# #.._.
##..# #.# #.). ...#
#.# ... ....# #.# ..
.....# #.# . .....##
#.# .....## #.#


You could see an orc.

Vanquished Creatures
  Jessica (D:2)
  Terence (D:2)
  5 adders
  An ooze (D:3)
  2 dart slugs (D:3)
  2 leopard geckos (D:2)
  3 orcs (D:3)
  6 giant cockroaches
  6 goblins
  6 hobgoblins
  4 jackals (D:2)
  A quokka (D:2)
  7 bats
  3 frilled lizards
  6 kobolds
  10 rats
64 creatures vanquished.

Vanquished Creatures (others)
  An adder (D:2)
1 creature vanquished.

Grand Total: 65 creatures vanquished

Notes
Turn   | Place    | Note
-------+----------+-------------------------------------------
     0 | D:1      | Kholdaimon the Merfolk Gladiator began the quest for the Orb.
     0 | D:1      | Reached XP level 1. HP: 16/16 MP: 1/1
    63 | D:1      | Reached XP level 2. HP: 20/23 MP: 2/2
   429 | D:2      | Found a shimmering altar of Xom.
   469 | D:2      | Noticed Terence
   483 | D:2      | Killed Terence
   483 | D:2      | Reached XP level 3. HP: 11/28 MP: 3/3
   847 | D:2      | Reached XP level 4. HP: 16/35 MP: 4/4
  1151 | D:2      | Noticed Jessica
  1169 | D:2      | Killed Jessica
  1518 | D:2      | Found a stormy altar of Qazlal.
  1555 | D:2      | Reached skill level 5 in Dodging
  1918 | D:3      | Reached XP level 5. HP: 40/41 MP: 5/5
  1920 | D:3      | Found a burning altar of Makhleb.
  2009 | D:3      | Found a blossoming altar of Fedhas.
  2187 | D:3      | Found a sacrificial altar of Ru.
  2541 | D:3      | Found an iron altar of Okawaru.
  2565 | D:3      | HP: 2/41 [poisoned by an adder]
  2568 | D:3      | Mangled by an orc

Vault maps used:
D:1:      scummos_arrival_forest
D:2:      grunt_qazlal_clouds, nicolae_overflow_crystal_walls, uniq_terence,
          uniq_jessica
D:3:      lemuel_round_altar, overflow_temple_1_default, fedhas_altar_3,
          lemuel_crystal_altar, okawaru_ov_weapons_minmay

Skill      XL: |  1  2  3  4 |
---------------+-------------+-----
Fighting       | 3 |  3.5
Long Blades    | 4 |  4.3
Dodging        | 5 |  5.2
Throwing       | 3 |  3.2

Action                   |  1- 3 |  4- 6 || total
-------------------------+-------+-------++-------
Melee: Long sword        |    74 |   132 ||   206
Throw: Throwing net      |     1 |       ||     1
  Use: Potion            |       |     3 ||     3
 Stab: Held in net/web   |     1 |       ||     1
       Sleeping          |       |     1 ||     1
  Eat: Chunk             |       |     6 ||     6
Armor: Leather armour    |    24 |    39 ||    63
Dodge: Dodged            |    67 |   118 ||   185
       Rpst.: Long sword |    20 |    38 ||    58

Table legend:
 A = Spawn XP
 B = Non-spawn XP
 C = Spawn XP percentage of total XP
 D = Spawn monster count
 E = Non-spawn monster count
 F = Spawn count percentage of total count
 G = Total turns spent on level
                    A         B        C        D         E        F      G
               +---------+---------+-------+---------+---------+-------+---------
         Total |       0 |     246 |   0.0 |       0 |      64 |   0.0 |  2568
               +---------+---------+-------+---------+---------+-------+---------
           D:1 |       0 |      25 |   0.0 |       0 |      17 |   0.0 |   373
           D:2 |       0 |     138 |   0.0 |       0 |      25 |   0.0 |  1549
           D:3 |       0 |      83 |   0.0 |       0 |      22 |   0.0 |   646
               +---------+---------+-------+---------+---------+-------+---------
